 Dungeon Crawl Stone Soup version 0.18.1-50-g88ac8fd (webtiles) character file.

1138 wolfsongas the Covered (level 8, -6/71 HPs)
             Began as a Hill Orc Fighter on May 1, 2017.
             Was a Follower of Beogh.
             Mangled by an azure jelly (8 damage)
             ... created by the vengeance of Jiyva
             ... while paralysed by a giant eyeball
             ... in the Ecumenical Temple.
             The game lasted 00:27:50 (4724 turns).

wolfsongas the Covered (Hill Orc Fighter)           Turns: 4724, Time: 00:27:50

Health: -6/71      AC: 20    Str: 21    XL:     8   Next: 37%
Magic:  8/8        EV:  2    Int:  8    God:    Beogh [*.....]
Gold:   162        SH:  0    Dex: 11    Spells: 1 memorised, 2 levels left

rFire  . . .     SeeInvis .     H - +2 war axe (venom)
rCold  . . .     Gourm    .     h - +0 plate armour
rNeg   . . .     Faith    .     c - +0 shield (curse)
rPois  .         Spirit   .     (no helmet)
rElec  .         Dismiss  .     (no cloak)
rCorr  .         Reflect  .     r - +0 pair of gloves
SustAt .         Harm     .     (no boots)
MR     .....     Clarity  +     (no amulet)
Stlth  ..........               B - +2 ring of dexterity
                                i - ring of stealth

@: paralysed, not resistant to hostile enchantments, extremely unstealthy
A: rough black scales 1, rugged brown scales 1, clarity, MP-powered wands
a: Renounce Religion


You were in the Ecumenical Temple.
You worshipped Beogh.
Beogh was aware of your devotion.
You were not hungry.

You visited 2 branches of the dungeon, and saw 6 of its levels.
You also visited: Ossuary.

You collected 162 gold pieces.

Inventory:

Hand Weapons
 a - a +1 war axe
 d - a +0 flail
 f - a +2 falchion
 j - a +0 falchion
 m - a cursed -1 club
 w - a +1 flail of holy wrath
 H - a +2 war axe of venom (weapon)
Armour
 b - a cursed +0 scale mail
 c - a cursed +0 shield (worn)
 h - a +0 plate armour (worn)
 n - a +0 leather armour
 r - a +0 pair of gloves (worn)
Magical Staves
 p - an uncursed staff of energy {unknown}
 C - an uncursed staff of fire {unknown}
Jewellery
 i - a ring of stealth (left hand)
 B - a +2 ring of dexterity (right hand)
Wands
 y - a wand of disintegration (11/24)
 A - a wand of iceblast (5/15)
Scrolls
 e - a scroll of remove curse
 o - 2 scrolls of teleportation
 t - a scroll of fog
 u - a scroll of blinking
 x - a scroll of noise
 D - a scroll of holy word {unknown}
 F - a scroll of amnesia {unknown}
Potions
 g - 2 potions of might
 l - a potion of cancellation
 q - 2 potions of cure mutation
 s - 2 potions of degeneration
 z - a potion of agility
 J - a potion of flight
Books
 k - a book of Annihilations

   Spells                             Type                      Level
   a - Poison Arrow                   Conjuration/Poison           6
   b - Chain Lightning                Conjuration/Air              8
   c - Lehudib's Crystal Spear        Conjuration/Earth            8
   d - Glaciate                       Conjuration/Ice              9
   e - Fire Storm                     Conjuration/Fire             9
 E - a book of Alchemy

   Spells                             Type                      Level
   a - Sublimation of Blood           Necromancy                   2
   b - Ignite Poison                  Fire/Transmutation/Poison    3
   c - Petrify                        Transmutation/Earth          4
   d - Alistair's Intoxication        Transmutation/Poison         5
   e - Irradiate                      Conjuration/Transmutation    5
Comestibles
 v - 3 beef jerkies
 G - a royal jelly
 I - a bread ration


   Skills:
 + Level 5.4 Fighting
 + Level 4.9(5.8) Axes
 + Level 3.8(4.6) Maces & Flails
 + Level 6.7 Armour
 + Level 0.5 Dodging
 + Level 0.3 Stealth
 + Level 6.5 Shields


You had 2 spell levels left.
You knew the following spells:

 Your Spells              Type           Power        Failure   Level  Hunger
a - Irradiate             Conj/Trmt      #.........   100%        5    ######.


Dungeon Overview and Level Annotations

Branches:
Dungeon (5/15)             Temple (1/1) D:5

Altars:
Ashenzari
Cheibriados
Dithmenos
Elyvilon
Fedhas
Gozag
Kikubaaqudgha
Makhleb
Nemelex Xobeh
Okawaru
Pakellas
Qazlal
Ru
Sif Muna
Trog
Vehumet
Yredelemnul
Zin
The Shining One


Innate Abilities, Weirdness & Mutations

You are partially covered in rough black scales (AC +4, Dex -1).
You are partially covered in rugged brown scales (AC +1, +3% HP).
You possess an exceptional clarity of mind.
You expend magic power (3 MP) to strengthen your wands.


Message History

The azure jelly hits you. The azure jelly freezes you!!
* * * LOW HITPOINT WARNING * * *
The azure jelly hits you but does no damage. x2
Unknown command.
Unknown command.
Unknown command.
Unknown command.
Unknown command.
You completely miss the giant eyeball.
The giant eyeball is lightly wounded.
Your plate armour prevents you from hitting the azure jelly.
The azure jelly is lightly wounded.
The giant eyeball's view fixates on you.
The azure jelly hits you but does no damage. x2
You block the azure jelly's attack. x2
The giant eyeball gazes piercingly through you!
You suddenly lose the ability to move!
The azure jelly hits you but does no damage. x2
The azure jelly hits you!
You die...

♣P...♣♣♣.♣ ♣♣.♣♣ ♣
♣.....♣♣.♣ ♣.♣♣ ♣ ♣♣♣
♣.._..♣♣.♣ ♣.♣♣♣ ♣ ♣.♣
♣.....♣♣.♣♣ ♣♣.P♣ ♣ ♣.♣♣♣♣♣
♣♣........♣♣ ♣.♣♣ ♣♣...♣.♣
♣♣.♣P♣P♣..♣♣♣.♣ ♣.....♣♣
♣♣.♣♣♣♣♣♣.♣♣.♣♣ ♣.._..♣
♣♣J.♣ ♣..♣.♣♣♣ ♣.....♣ ♣.@♣♣
♣♣...♣P♣ ♣♣....♣♣♣♣♣♣G♣♣
♣.....♣ ♣.♣♣P....♣..P♣
♣♣.._..♣♣♣♣ ♣.P♣♣♣P♣.....♣♣
♣P.........♣
♣..♣♣♣P♣♣♣♣.♣.♣♣♣.♣♣...♣♣♣..
♣♣..♣♣♣♣♣♣♣♣P♣.♣♣♣♣P♣♣♣♣ ♣♣.
♣♣.♣P♣♣...♣♣♣♣...♣♣ ♣..
♣♣...♣.....♣ ♣.♣♣.♣♣♣♣ ♣.♣
♣♣..♣...._..♣ ♣.♣♣....♣♣ ♣.♣


You could see an azure jelly and a giant eyeball.

Vanquished Creatures
  2 wraiths (Ossuary)
  An ice beast (D:5)
  A centaur (D:4)
  A scorpion (D:4)
  2 wights (Ossuary)
  A jelly (D:4)
  2 hounds (D:4)
  Natasha (twice) (D:3)
  4 orc wizards
  A worker ant (D:5)
  2 hound zombies (D:5)
  2 hound skeletons
  4 gnolls
  8 adders
  2 shadow imps (D:5)
  An ooze (D:3)
  2 adder zombies (Ossuary)
  2 adder skeletons
  3 worms
  4 dart slugs
  3 giant geckos
  13 orcs
  A ball python (D:2)
  5 bats
  2 giant cockroaches
  8 goblins
  4 hobgoblins
  3 jackals (D:1)
  2 quokkas
  5 giant newts
  3 hobgoblin skeletons (Ossuary)
  2 hobgoblin zombies (Ossuary)
  8 kobolds
  3 orc skeletons (Ossuary)
  An orc zombie (Ossuary)
  A quokka skeleton (Ossuary)
  11 rats
  A plant (Temple)
123 creatures vanquished.

Vanquished Creatures (others)
  2 orcs (D:4)
2 creatures vanquished.

Grand Total: 125 creatures vanquished

Notes
Turn   | Place    | Note
--------------------------------------------------------------
     0 | D:1      | wolfsongas the Hill Orc Fighter began the quest for the Orb.
     0 | D:1      | Reached XP level 1. HP: 19/19 MP: 1/1
   129 | D:1      | Reached XP level 2. HP: 15/27 MP: 2/2
   657 | D:1      | Reached XP level 3. HP: 33/33 MP: 3/3
  1052 | D:2      | Reached XP level 4. HP: 18/40 MP: 4/4
  1133 | D:2      | Found a sacrificial altar of Ru.
  1135 | D:2      | Found a stormy altar of Qazlal.
  1136 | D:2      | Found a glowing silver altar of Zin.
  1137 | D:2      | Found a bloodstained altar of Trog.
  1138 | D:2      | Found an ancient bone altar of Kikubaaqudgha.
  1684 | D:2      | Reached XP level 5. HP: 40/47 MP: 5/5
  1950 | D:3      | Found a white marble altar of Elyvilon.
  1975 | D:3      | Noticed Natasha
  1990 | D:3      | Killed Natasha
  2329 | D:3      | Noticed Natasha
  2340 | D:3      | Killed Natasha
  2521 | D:3      | Reached XP level 6. HP: 53/53 MP: 6/6
  2651 | D:4      | Found a sparkling altar of Nemelex Xobeh.
  2656 | D:4      | Became a worshipper of Nemelex Xobeh the Trickster
  2664 | D:4      | Fell from the grace of Nemelex Xobeh
  2664 | D:4      | Became a worshipper of Beogh the Brigand
  2808 | D:4      | Reached skill level 1 in Maces & Flails
  2918 | D:4      | Reached skill level 5 in Fighting
  2928 | D:4      | Reached skill level 5 in Armour
  2928 | D:4      | Reached skill level 5 in Shields
  2929 | D:4      | Found a sand-covered staircase.
  2935 | Ossuary  | Entered an ossuary
  3278 | Ossuary  | Noticed a wraith
  3278 | Ossuary  | Noticed a flying skull
  3285 | Ossuary  | Noticed a flying skull
  3302 | Ossuary  | Reached XP level 7. HP: 61/61 MP: 7/7
  3315 | Ossuary  | Noticed a wraith
  3337 | Ossuary  | Killed a wraith
  3389 | Ossuary  | Gained mutation: You possess an exceptional clarity of mind. [potion of mutation]
  3389 | Ossuary  | Gained mutation: Your mind is acute. (Int +2) [potion of mutation]
  3389 | Ossuary  | Gained mutation: You are partially covered in rugged brown scales (AC +1, +3% HP). [potion of mutation]
  3390 | Ossuary  | Gained mutation: Your magical capacity is low (-10% MP). [potion of mutation]
  3390 | Ossuary  | Gained mutation: You are partially covered in rough black scales (AC +4, Dex -1). [potion of mutation]
  3390 | Ossuary  | Gained mutation: You expend magic power (3 MP) to strengthen your wands. [potion of mutation]
  3391 | Ossuary  | Lost mutation: Your mind is acute. (Int +2) [potion of mutation]
  3391 | Ossuary  | Lost mutation: Your magical capacity is low (-10% MP). [potion of mutation]
  3400 | Ossuary  | Noticed a flying skull
  3407 | Ossuary  | Noticed a wraith
  3427 | Ossuary  | Killed a wraith
  3736 | D:4      | Reached XP level 8. HP: 40/70 MP: 8/8
  3927 | D:5      | Entered Level 5 of the Dungeon
  3936 | D:5      | Reached * piety under Beogh
  4060 | D:5      | Learned a level 5 spell: Irradiate
  4180 | D:5      | Found a staircase to the Ecumenical Temple.
  4228 | Temple   | Entered the Ecumenical Temple
  4720 | Temple   | Noticed an azure jelly
  4722 | Temple   | HP: 2/71 [azure jelly[the vengeance of Jiyva] (25)]
  4723 | Temple   | Paralysed by a giant eyeball for 3 turns
  4724 | Temple   | Mangled by an azure jelly

Skill      XL: |  1  2  3  4  5  6  7  8 |
---------------+-------------------------+-----
Fighting       | 4 5 |  5.4
Axes           | 3 4 |  4.9
Shields        | 4 5 6 |  6.5
Armour         | 4 5 6 |  6.7
Maces & Flails | 1 3 |  3.8
Dodging        | |  0.5
Stealth        | |  0.3

Action                   |  1- 3 |  4- 6 |  7- 9 || total
-------------------------+-------+-------+-------++-------
Melee: War axe           |    95 |   118 |    23 ||   236
       Flail             |       |   109 |   141 ||   250
       Unarmed           |       |       |    11 ||    11
Invok: Convert to Beogh  |       |     1 |       ||     1
  Use: Scroll            |     1 |    11 |     3 ||    15
       Potion            |     1 |     1 |     7 ||     9
  Eat: Bread ration      |     1 |       |     1 ||     2
       Meat ration       |       |     1 |       ||     1
Armor: Plate armour      |    58 |   151 |   118 ||   327
Dodge: Dodged            |    19 |    34 |    47 ||   100
Block: Shield            |    60 |   145 |    87 ||   292
